 Dungeon Crawl Stone Soup version 0.21-a0-525-ga34b322b0b (webtiles) character file.

80 JackS81 the Changer (level 4, 0/32 HPs)
             Began as a Merfolk Transmuter on Dec 7, 2017.
             Slain by an adder (5 damage)
             ... on level 3 of the Dungeon.
             The game lasted 00:09:01 (2880 turns).

JackS81 the Changer (Merfolk Transmuter)            Turns: 2880, Time: 00:09:02

Health: 0/32       AC:  2    Str: 10    XL:     4   Next: 39%
Magic:  5/7        EV: 13    Int: 13    God:
Gold:   80         SH:  0    Dex: 14    Spells: 1/7 levels left

rFire    . . .     SeeInvis .     - Unarmed
rCold    . . .     Gourm    .   (no shield)
rNeg     . . .     Faith    .   b - +0 robe
rPois    .         Spirit   .   (no helmet)
rElec    .         Reflect  .   (no cloak)
rCorr    .         Harm     .   (no gloves)
MR       .....                  (no boots)
Stlth    +.........             (no amulet)
HPRegen  0.10/turn              (no ring)
MPRegen  0.10/turn              (no ring)

@: lethally poisoned (0 -> -8), appendage
A: change form in water, swift swim, stealthy swim, horns 2
a: End Transformation


You were on level 3 of the Dungeon.
You were not hungry.
You had grown temporary horns.
You visited 1 branch of the dungeon, and saw 3 of its levels.

You collected 80 gold pieces.

Inventory:

Hand Weapons
 f - a cursed -1 dagger
Missiles
 a - 9 arrows
Armour
 b - a +0 robe (worn)
Jewellery
 n - an uncursed ring of ice {unknown}
Scrolls
 e - a scroll of noise {unknown}
 g - a scroll of enchant armour {unknown}
 j - 5 scrolls of identify {unknown}
 k - a scroll of fear {unknown}
 m - a scroll of immolation {unknown}
Potions
 h - 2 potions of degeneration {unknown}
 l - a potion of might {unknown}
 o - a potion of cancellation {unknown}
 p - a potion of curing {unknown}
Books
 c - a book of Changes

   Spells                             Type                      Level
   a - Beastly Appendage              Transmutation                1
   b - Sticks to Snakes               Transmutation                2
   c - Spider Form                    Transmutation/Poison         3
   d - Ice Form                       Ice/Transmutation            4
   e - Blade Hands                    Transmutation                5
Comestibles
 d - a bread ration
 i - 2 meat rations
 q - 2 royal jellies
 r - 2 fruits


   Skills:
 - Level 1.1 Fighting
 * Level 2.8 Dodging
 * Level 3.6 Unarmed Combat
 - Level 2.0 Spellcasting
 * Level 5.6 Transmutations
 * Level 0.3 Poison Magic


You had one spell level left.
You knew the following spells:

 Your Spells              Type           Power        Failure   Level  Hunger
a - Beastly Appendage     Tmut           ###...       2%          1    ##.....
b - Spider Form           Tmut/Pois      #.........   22%         3    ####...
c - Sticks to Snakes      Tmut           ###.....     3%          2    ###....


Dungeon Overview and Level Annotations

Branches:
Dungeon (3/15)

Altars:


Innate Abilities, Weirdness & Mutations

You revert to your normal form in water.
You are very nimble and swift while swimming.
You are very stealthy in the water. (Stealth+)
You have a pair of horns on your head.


Message History

Your ball python constricts the adder.
The adder barely misses your ball python.
Your ball python bites the adder.
Your ball python constricts the adder.
The adder bites your ball python.
Your ball python dies!
You feel sick.
You closely miss the adder. Your punch misses the adder.
The adder is heavily wounded.
You feel sick. The adder bites you.
* * * LOW HITPOINT WARNING * * *
You are more poisoned.
The adder poisons you!
You hit the adder but do no damage.
The adder is heavily wounded.
The adder barely misses you.
You miss the adder.
The adder is heavily wounded.
* * * LOW HITPOINT WARNING * * *
You feel sick. The adder bites you.
You die...

.##.# ## #.... ##.
...# #..# #...#
#...#...#
#.#.......#
#.....)...#
######S##.# #@# #.#
#########.#
#.###.........##
####..............#
...#..##.########.#
...#..#.#.## .#
.).....###.## .#
......## ##.# ..
.......###..# .#


You could see an adder.

Vanquished Creatures
  An adder (D:2)
  An ooze (D:2)
  2 adder zombies (D:2)
  A worm (D:2)
  A dart slug (D:2)
  2 leopard geckos (D:2)
  3 orcs (D:3)
  2 bat zombies (D:2)
  3 giant cockroaches
  5 goblins
  5 hobgoblins
  4 kobolds
  A quokka (D:2)
  2 ball pythons (D:2)
  5 bats
  3 frilled lizards
  A leopard gecko skeleton (D:2)
  A leopard gecko zombie (D:2)
  A quokka zombie (D:2)
  6 rats
50 creatures vanquished.

Vanquished Creatures (collateral kills)
  A bat (D:3)
  A frilled lizard (D:3)
2 creatures vanquished.

Grand Total: 52 creatures vanquished

Notes
Turn   | Place    | Note
-------+----------+-------------------------------------------
     0 | D:1      | JackS81 the Merfolk Transmuter began the quest for the Orb.
     0 | D:1      | Reached XP level 1. HP: 15/15 MP: 3/3
   100 | D:1      | Reached skill level 3 in Transmutations
   411 | D:1      | Reached XP level 2. HP: 20/21 MP: 3/5
   830 | D:1      | Reached skill level 4 in Transmutations
  1303 | D:2      | Reached XP level 3. HP: 20/26 MP: 6/6
  1308 | D:2      | Learned a level 3 spell: Spider Form
  1311 | D:2      | Learned a level 2 spell: Sticks to Snakes
  1743 | D:2      | Reached skill level 5 in Transmutations
  1969 | D:2      | Reached XP level 4. HP: 14/32 MP: 7/7
  2880 | D:3      | Slain by an adder

Vault maps used:
D:1:      minmay_arrival_arboretum_small
D:2:      serial_undead, serial_undead_b, serial_undead_f, serial_undead_e,
          serial_undead_a, kennysheep_generic_room_2
D:3:      hangedman_decor_push

Skill      XL: |  1  2  3 |
---------------+----------+-----
Transmutations | 3 4 5 |  5.6
Fighting       | |  1.1
Dodging        | |  2.8
Unarmed Combat | |  3.6
Spellcasting   | |  2.0
Poison Magic   | |  0.3

Action                   |  1- 3 |  4- 6 || total
-------------------------+-------+-------++-------
Melee: Unarmed           |   115 |    60 ||   175
       Headbutt          |    15 |     3 ||    18
 Cast: Beastly Appendage |    24 |     7 ||    31
       Spider Form       |     3 |     2 ||     5
       Sticks to Snakes  |       |     3 ||     3
 Stab: Sleeping          |     1 |       ||     1
  Eat: Chunk             |     4 |     4 ||     8
Armor: Robe              |    14 |     9 ||    23
       Skin              |       |     3 ||     3
Dodge: Dodged            |    75 |    42 ||   117

Table legend:
 A = Spawn XP
 B = Non-spawn XP
 C = Spawn XP percentage of total XP
 D = Spawn monster count
 E = Non-spawn monster count
 F = Spawn count percentage of total count
 G = Total turns spent on level
                    A         B        C        D         E        F      G
               +---------+---------+-------+---------+---------+-------+---------
         Total |       0 |     115 |   0.0 |       0 |      52 |   0.0 |  2880
               +---------+---------+-------+---------+---------+-------+---------
           D:1 |       0 |      24 |   0.0 |       0 |      15 |   0.0 |  1186
           D:2 |       0 |      76 |   0.0 |       0 |      29 |   0.0 |  1395
           D:3 |       0 |      15 |   0.0 |       0 |       8 |   0.0 |   299
               +---------+---------+-------+---------+---------+-------+---------
